 Dungeon Crawl Stone Soup version 0.30.0-30-g96aa6591b8 (webtiles) character file.

Game seed: 3526367254342258242

455 Sabo the Chopper (level 6, -17/48 HPs)
             Began as a Demonspawn Monk on June 27, 2023.
             Demolished by a komodo dragon (29 damage)
             ... on level 7 of the Dungeon.
             The game lasted 00:15:48 (2929 turns).

Sabo the Chopper (Demonspawn Monk)                  Turns: 2929, Time: 00:15:49

Health: -17/48     AC:  8    Str: 20    XL:     6   Next: 76%
Magic:  6/6        EV: 11    Int: 15    God:
Gold:   199        SH:  0    Dex: 15    Spells: 5/5 levels left

rFire   . . .        e - +0 hand axe (flame)
rCold   . . .        d - orb {light}
rNeg    . . .        q - +0 scale mail
rPois   .            f - +0 helmet
rElec   +            p - scarf "Uffer" {shadows, rElec Int+4}
rCorr   +            (no gloves)
SInv    .            (no boots)
Will    .....        (no amulet) Stlth
                     u - +6 ring of strength
HPRegen 0.28/turn    j - ring of resist corrosion
MPRegen 0.10/turn

%: no passive effects
@: glowing
A: powered by death 1, sharp scales 1, demonic magic 1, demonic touch 1
a: no special abilities


You were on level 7 of the Dungeon.
You visited 1 branch of the dungeon, and saw 5 of its levels.

You collected 199 gold pieces.

Inventory:

Hand Weapons
 b - a +2 quarterstaff of chaos
 e - a +0 hand axe of flaming (weapon)
Missiles
 m - a throwing net
 r - 2 javelins (quivered)
Armour
 d - an orb of light (worn)
 f - a +0 helmet (worn)
 h - a +0 plate armour
 n - a +0 cloak
 p - the scarf "Uffer" (worn) {shadows, rElec Int+4}
   (You found it on level 2 of the Dungeon)

   Int:       It affects your intelligence (+4).
   rElec:     It insulates you from electricity.
 q - a +0 scale mail (worn)
Jewellery
 j - a ring of resist corrosion (right hand)
 u - a +6 ring of strength (left hand)
Wands
 s - a wand of mindburst (11)
 t - a wand of light (10)
Scrolls
 w - a scroll of enchant weapon {unknown}
Potions
 a - a potion of brilliance {unknown}
 c - a potion of ambrosia
 g - 2 potions of curing {unknown}
 i - a potion of flight
 k - 2 potions of might {unknown}
 l - a potion of mutation {unknown}
 o - 2 potions of invisibility
 v - a potion of degeneration {unknown}


   Skills:
 + Level 4.2 Fighting
 + Level 5.2 Axes
 + Level 2.6 Armour
 + Level 3.4 Dodging
 + Level 0.1 Stealth


You had 5 spell levels left.
You didn't know any spells.
Your spell library contained the following spells:

 Spells                   Type           Power      Damage    Failure   Level
 Necrotise                Necr           0%         1d4       58%         1
 Static Discharge         Conj/Air       0%         2-2/arc   75%         2
 Vampiric Draining        Necr           0%         2d6       92%         3
 Airstrike                Air            0%         2d(0-16)  100%        4
 Summon Lightning Spire   Summ/Air       0%         N/A       100%        4
 Agony                    Necr           0%         N/A       100%        5


Dungeon Overview and Level Annotations

Branches:
Dungeon (4/15)
 Temple: D:4-7

Altars:
Okawaru


Innate Abilities, Weirdness & Mutations

You regenerate a little health from kills.
You are partially covered in razor-sharp scales. (AC +1, Slay +1)
Spells you cast may paralyse adjacent enemies.
Your touch may inflict minor irresistible damage on your foes.


Message History

Unknown command.
Throw: 4 javelins
Press: ? - help, Q - select action, (/) - cycle Shift-Dir - straight line, f/p - orc
Aim: an orc, wielding a +0 hand axe (haloed, 79% to hit)
You throw a javelin. The javelin pierces through the orc.
The orc is lightly wounded.
The javelin pierces through the orc.
The orc is heavily wounded.
A komodo dragon comes into view.
The orc hits you but does no damage.
Throw: 3 javelins
Press: ? - help, Q - select action, (/) - cycle Shift-Dir - straight line, f/p - orc
Aim: an orc, wielding a +0 hand axe (lightly wounded, haloed, 79% to hit)
You throw a javelin. The javelin barely misses the orc.
The orc hits you with a +0 hand axe. The orc barely misses you.
Unknown command.
You slash the orc! You burn the orc.
You kill the orc!
You hit the orc but do no damage. The orc hits you with a +0 hand axe.
You hit the orc wizard. You burn the orc wizard.
The orc wizard is moderately wounded.
You barely miss the orc. The orc hits you with a +0 hand axe.
* * * LOW HITPOINT WARNING * * *
The orc wizard hits you with a +0 dagger.
* * * LOW HITPOINT WARNING * * *
You hit the orc wizard. You burn the orc wizard.
The orc wizard is severely wounded.
You hit the orc. You burn the orc. The orc closely misses you.
The orc wizard barely misses you. The orc hits you with a +0 hand axe.
* * * LOW HITPOINT WARNING * * *
The orc wizard hits you but does no damage.
You hit the orc wizard. You burn the orc wizard.
You kill the orc wizard!
Reactivating autopickup.
You hit the orc. You burn the orc. The orc barely misses you.
You slash the komodo dragon! You burn the komodo dragon.
The komodo dragon is moderately wounded.
You barely miss the orc. The komodo dragon bites you!!
Ouch! That really hurt!
You die...

#.### #...#
###.# #.#
#.# #.# .#
#.#
....########
#.#
oo..(....l@#
#.#
..#.######o#
#.#
.......##
#.#
.#####..##
#.#
#...######.#
#..........#
#(..########
#..## ...##


You could see a komodo dragon and an orc.

Vanquished Creatures
  An orc warrior (D:7)
  A hound (D:3)
  An orc priest (D:3)
  Crazy Yiuf (D:2)
  Jessica (D:3)
  3 orc wizards
  9 adders
  A worm (D:2)
  3 dart slugs
  8 orcs
  7 endoplasms
  5 goblins
  5 hobgoblins
  8 jackals (D:2)
  4 kobolds
  4 quokkas
  11 ball pythons
  7 bats
  2 frilled lizards
  3 rats
85 creatures vanquished.

Notes
Turn   | Place    | Note
-------+----------+-------------------------------------------
     0 | D:1      | Sabo the Demonspawn Monk began the quest for the Orb.
     0 | D:1      | Reached XP level 1. HP: 18/18 MP: 1/1
   170 | D:1      | Gained mutation: You regenerate a little health from kills.
                  | [demonic ancestry]
   170 | D:1      | Reached XP level 2. HP: 24/24 MP: 2/2
   237 | D:1      | Reached skill level 3 in Axes
   299 | D:1      | Found a faded altar of an unknown god.
   555 | D:2      | Reached XP level 3. HP: 29/29 MP: 3/3
   678 | D:2      | Found an iron altar of Okawaru.
  1020 | D:2      | Gained mutation: Your touch may inflict minor irresistible
                  | damage on your foes. [demonic ancestry]
  1020 | D:2      | Reached XP level 4. HP: 35/35 MP: 4/4
  1264 | D:2      | Reached skill level 1 in Armour
  1268 | D:2      | Identified the scarf "Uffer" {shadows, rElec Int+4}
  1516 | D:2      | Found a runed translucent door.
  1517 | D:2      | Noticed Crazy Yiuf
  1531 | D:2      | Killed Crazy Yiuf
  1532 | D:2      | Reached skill level 4 in Axes
  1672 | D:3      | Gained mutation: You are partially covered in razor-sharp
                  | scales. (AC +1, Slay +1) [demonic ancestry]
  1672 | D:3      | Reached XP level 5. HP: 37/42 MP: 5/5
  2189 | D:3      | Noticed Jessica
  2197 | D:3      | Killed Jessica
  2268 | D:3      | Gained mutation: Spells you cast may paralyse adjacent
                  | enemies. [demonic ancestry]
  2268 | D:3      | Reached XP level 6. HP: 9/48 MP: 6/6
  2850 | D:4      | You fall into a shaft and drop 3 floors!
  2909 | D:7      | Noticed an orc warrior
  2921 | D:7      | Killed an orc warrior
  2922 | D:7      | Reached skill level 5 in Axes
  2923 | D:7      | Noticed a komodo dragon
  2929 | D:7      | Demolished by a komodo dragon

Illustrated notes

Levels and vault maps discovered:
D:1:      nzn_arrival_water_spiral, layout_rooms,
          chequers_ecumenical_altar_twisty, grunt_decor_arrowhead
D:2:      layout_basic, basic_altar, kennysheep_generic_room_16,
          uniq_crazy_yiuf_cottage
D:3:      layout_rooms, uniq_jessica
D:4:      layout_basic
D:7:      layout_loops_ring, nicolae_qazlal_eye_of_the_storm,
          makhleb_blood_cavern_becter, minmay_temple_entry_mist

Skill      XL: |  1  2  3  4  5  6 |
---------------+-------------------+-----
Axes           | 3 4 5 |  5.2
Dodging        | 3 |  3.4
Armour         | 1 2 |  2.6
Fighting       | 4 |  4.2
Stealth        | |  0.1

Action                     |  1- 3 |  4- 6 || total
---------------------------+-------+-------++-------
  Melee: Hand axe          |    70 |   129 ||   199
  Throw: Javelin           |       |     5 ||     5
    Use: Scroll            |     2 |     2 ||     4
         Potion            |       |     1 ||     1
 Armour: Robe              |     6 |       ||     6
         Ring mail         |    21 |    24 ||    45
         Scale mail        |       |    37 ||    37
  Dodge: Dodged            |    53 |    83 ||   136
